 Dungeon Crawl Stone Soup version 0.24-a0-441-g27f0392e16 (webtiles) character file.

Game seed: 5887218709517699874

100 KristoblXynda the Slasher (level 4, -4/38 HPs)
             Began as a Draconian Gladiator on June 19, 2019.
             Killed from afar by an orc wizard (12 damage)
             ... with a puff of flame
             ... on level 3 of the Dungeon.
             The game lasted 00:02:17 (1826 turns).

KristoblXynda the Slasher (Draconian Gladiator)     Turns: 1826, Time: 00:02:18

Health: -4/38      AC:  5    Str: 17    XL:     4   Next: 47%
Magic:  4/4        EV: 13    Int:  9    God:
Gold:   77         SH:  0    Dex: 12    Spells: 3/3 levels left

rFire    . . .     SeeInvis .   a - +0 long sword
rCold    . . .     Gourm    .   (no shield)
rNeg     . . .     Faith    .   (armour unavailable)
rPois    .         Spirit   .   b - +0 hat
rElec    .         Reflect  .   (no cloak)
rCorr    .         Harm     .   (no gloves)
MR       .....                  (no boots)
Stlth    +.........             (no amulet)
HPRegen  0.12/turn              (no ring)
MPRegen  0.09/turn              (no ring)

@: no status effects
A: unfitting armour, cold-blooded, AC +5
a: no special abilities


You were on level 3 of the Dungeon.
You were not hungry.

You visited 1 branch of the dungeon, and saw 3 of its levels.

You collected 77 gold pieces.

Inventory:

Hand Weapons
 a - a +0 long sword (weapon)
Missiles
 c - 3 throwing nets (quivered)
Armour
 b - a +0 hat (worn)
Scrolls
 e - 3 scrolls of identify {unknown}
 g - 3 scrolls of teleportation {unknown}
 i - 2 scrolls of fear {unknown}
 k - 2 scrolls of remove curse {unknown}
 p - a scroll of enchant weapon {unknown}
Potions
 f - 2 potions of agility {unknown}
 h - a potion of magic {unknown}
 j - 2 potions of heal wounds {unknown}
 l - a potion of lignification {unknown}
 n - a potion of curing {unknown}
 o - a potion of berserk rage {unknown}
Comestibles
 d - 4 rations
 m - a chunk of flesh


   Skills:
 + Level 3.1 Fighting
 * Level 4.1 Long Blades
 - Level 2.1 Throwing
 + Level 3.3 Dodging


You had 3 spell levels left.
You didn't know any spells.
Your spell library was empty.

Dungeon Overview and Level Annotations

Branches:
Dungeon (3/15)

Altars:
Elyvilon
Qazlal
The Shining One


Innate Abilities, Weirdness & Mutations

Your plain brown scales are hard. (AC +5)
You cannot fit into any form of body armour.
You are cold-blooded and may be slowed by cold attacks.


Message History

The magic dart hits you.
You bump into the rock wall.
You hear some strange, mumbled words.
A magic dart appears from out of thin air!
The magic dart hits you!
Found a club.
You barely miss something.
You feel less confused. Something hits you.
You barely miss something.
You hear some strange, mumbled words.
A puff of flame appears from out of thin air!
The puff of flame hits you!
* * * LOW HITPOINT WARNING * * *
Something hits you but does no damage.
You barely miss something.
You hear some strange, mumbled words.
A puff of flame appears from out of thin air!
The puff of flame hits you!
You die...

#.# #.##
#..#.)#..#)########...
#..#..#. #........#.##
...###. #..#####.#.##
..... #.†...##.#... ....
##.##.##.#.##
#''####.((.....#...
#..#.###.##..#.####
#@#.###.##..#.#
#.#.#.......#.#
#.......###.#.#
#.#######...#.#.###.#.#
#......?..#........<..####
#####.####.......##.......
##.## #.......#######.#
#...# #.......# #.# #†#†#
#.......# #.#


There were no monsters in sight!

Vanquished Creatures
  2 adders (D:2)
  3 dart slugs (D:1)
  4 orcs (D:3)
  3 ball pythons
  6 giant cockroaches
  6 goblins
  10 hobgoblins
  4 jackals (D:2)
  9 bats
  7 frilled lizards
  5 kobolds
  10 rats
69 creatures vanquished.

Notes
Turn   | Place    | Note
-------+----------+-------------------------------------------
     0 | D:1      | KristoblXynda the Draconian Gladiator began the quest for
                  | the Orb.
     0 | D:1      | Reached XP level 1. HP: 17/17 MP: 1/1
   151 | D:1      | Found a glowing golden altar of the Shining One.
   208 | D:1      | Reached XP level 2. HP: 25/25 MP: 2/2
   668 | D:1      | Reached XP level 3. HP: 25/30 MP: 3/3
  1294 | D:2      | Reached XP level 4. HP: 28/38 MP: 4/4
  1392 | D:2      | Found a stormy altar of Qazlal.
  1392 | D:2      | Found a white marble altar of Elyvilon.
  1613 | D:3      | Reached skill level 4 in Long Blades
  1826 | D:3      | Killed from afar by an orc wizard

Levels and vault maps discovered:
D:1:      elethiomel_arrival_quiet, layout_loops_corners,
          hangedman_abyss_or_decor_stabs, hex_medium, tso_metal_star
D:2:      layout_basic, gammafunk_temple_overflow_statue, minmay_distorted
D:3:      layout_loops_cross, corexii_corridor_pit, kennysheep_generic_room_7

Skill      XL: |  1  2  3  4 |
---------------+-------------+-----
Throwing       | 2 |  2.1
Dodging        | 3 |  3.3
Fighting       | 3 |  3.1
Long Blades    | 4 |  4.1

Action                   |  1- 3 |  4- 6 || total
-------------------------+-------+-------++-------
Melee: Long sword        |    98 |    67 ||   165
       Tailslap          |    15 |     7 ||    22
 Stab: Sleeping          |     2 |       ||     2
  Eat: Chunk             |     1 |     2 ||     3
Armor: Skin              |    41 |    27 ||    68
Dodge: Dodged            |    97 |    49 ||   146
       Rpst.: Long sword |    33 |    12 ||    45

Table legend:
 A = Non-vault XP
 B = Vault XP
 C = Vault XP percentage of total XP
 D = Non-vault monster count
 E = Vault monster count
 F = Vault count percentage of total count
                 A         B        C        D         E       F
            +---------+---------+-------+---------+---------+-------
      Total |     141 |       3 |   2.1 |      67 |       2 |   2.9
            +---------+---------+-------+---------+---------+-------
        D:1 |      41 |       0 |   0.0 |      21 |       0 |   0.0
        D:2 |      69 |       3 |   4.2 |      29 |       2 |   6.5
        D:3 |      31 |       0 |   0.0 |      17 |       0 |   0.0
            +---------+---------+-------+---------+---------+-------
